 Dungeon Crawl Stone Soup version 0.19.5 (webtiles) character file.

128 tidbits the Charmwright (level 4, -9/42 HPs)
             Began as a High Elf Wanderer on Nov 6, 2017.
             Killed by divine providence
             ... invoked by an orc priest
              (12 damage)
             ... on level 4 of the Dungeon.
             The game lasted 00:10:17 (1098 turns).

tidbits the Charmwright (High Elf Wanderer)         Turns: 1098, Time: 00:10:18

Health: -9/42      AC: 22    Str: 14    XL:     4   Next: 87%
Magic:  10/10      EV:  2    Int: 14    God:
Gold:   93         SH:  0    Dex: 14    Spells: 1 memorised, 9 levels left

rFire  . . .     SeeInvis .     a - +2 dagger (venom)
rCold  . . .     Gourm    .     (armour currently unavailable)
rNeg   + + +     Faith    .     (no shield)
rPois  +         Spirit   .     (helmet currently unavailable)
rElec  .         Reflect  .     (cloak currently unavailable)
rCorr  .         Harm     .     (gloves currently unavailable)
MR     +....     NoTele   +     (boots currently unavailable)
Stlth  ++........               (no amulet)
                                (no ring)
                                H - ring of protection from magic

@: tree-form
A: no striking features
a: no special abilities


You were on level 4 of the Dungeon.
You were very hungry.
You were a tree.
You visited 1 branch of the dungeon, and saw 4 of its levels.

You collected 93 gold pieces.

Inventory:

Hand Weapons
 a - a +2 dagger of venom (weapon)
   (You took it off a kobold on level 1 of the Dungeon)
 h - a +2 dagger
 n - a +0 long sword
   (You found it on level 2 of the Dungeon)
 v - a +0 great sword
   (You found it on level 2 of the Dungeon)
 y - a +2 dagger of draining
   (You took it off a kobold on level 3 of the Dungeon)
Missiles
 p - 34 arrows
 x - 3 tomahawks (quivered)
Armour
 j - a +0 leather armour
   (You found it on level 2 of the Dungeon)
 u - a +0 robe
 B - a +0 ring mail (melded)
   (You found it on level 2 of the Dungeon)
 C - a +2 cloak (melded)
   (You found it on level 2 of the Dungeon)
 E - a +0 helmet (melded)
   (You found it on level 2 of the Dungeon)
 F - a +0 pair of boots (melded)
   (You found it on level 2 of the Dungeon)
Jewellery
 H - a ring of protection from magic (left branch)
   (You found it on level 2 of the Dungeon)
Scrolls
 b - a scroll of blinking
 g - a scroll of immolation {unknown}
 k - a scroll of random uselessness
 r - 2 scrolls of remove curse
 s - a scroll of amnesia {unknown}
 t - 2 scrolls of teleportation {unknown}
 w - a scroll of fog {unknown}
Potions
 e - 2 potions of curing
 i - a potion of haste
 q - a potion of heal wounds {unknown}
Books
 f - Sif Muna's Disquisition on Orientation

   Spells                             Type                      Level
   a - Apportation                    Translocation                1
   b - Recall                         Summoning/Translocation      3
Comestibles
 c - 2 bread rations
 l - 3 beef jerkies
 m - a meat ration
 z - a slice of pizza


   Skills:
 - Level 1.6 Fighting
 + Level 4.3 Long Blades
 - Level 1.5 Dodging
 - Level 1.6 Stealth
 - Level 3.6 Spellcasting
   Level 1.1 Conjurations
   Level 4.8 Charms
   Level 1.0 Evocations


You had 9 spell levels left.
You knew the following spells:

 Your Spells              Type           Power        Failure   Level  Hunger
a - Apportation           Tloc           #.........   24%         1    None


Dungeon Overview and Level Annotations

Branches:
Dungeon (4/15)
 Temple: D:4-7

Altars:


Message History

Aiming: Apportation
Press: ? - help, Dir - move target cursor Apport: a tomahawk Yoink!
You pull the item towards yourself.
Your magical contamination has completely faded away.
Casting: Apportation
Confirm with . or Enter, or press ? or * to list all spells.
Aiming: Apportation
Press: ? - help, Dir - move target cursor Apport: a tomahawk You miscast Apportation.
You are very lightly contaminated with residual magic.
You catch a glimpse of the back of your own head.
Casting: Apportation
Confirm with . or Enter, or press ? or * to list all spells.
Aiming: Apportation
Press: ? - help, Dir - move target cursor Apport: a tomahawk Yoink!
You pull the item towards yourself.
Casting: Apportation
Confirm with . or Enter, or press ? or * to list all spells.
Aiming: Apportation
Press: ? - help, Dir - move target cursor Apport: a tomahawk Yoink!
You pull the item towards yourself.
Casting: Apportation
Confirm with . or Enter, or press ? or * to list all spells.
Aiming: Apportation
Press: ? - help, Dir - move target cursor Apport: a tomahawk
Okay, then.
You open the door.
A giant cockroach comes into view.
There is an open door here.
Found 14 arrows.
You closely miss the giant cockroach. The giant cockroach barely misses you.
You hit the giant cockroach.
The giant cockroach is poisoned.
The giant cockroach is moderately wounded.
The giant cockroach closely misses you.
You hit the giant cockroach but do no damage.
The giant cockroach looks as sick as possible!
The giant cockroach is severely wounded.
You kill the giant cockroach!
Your magical contamination has completely faded away.
You see here 14 arrows.
p - 34 arrows (gained 14)
You open the door.
An orc, an orc priest and a skeleton come into view.
The orc priest is wielding a hand axe of chopping.
The orc priest shouts!
The orc shouts!
You hear a shout!
You hit the orc priest but do no damage.
The orc priest is poisoned.
The orc priest looks encouraged for a moment.
You hit the orc priest.
The orc priest looks as sick as possible!
The orc priest is moderately wounded.
You hit the orc priest.
The orc priest is heavily wounded.
The orc priest closely misses you.
The water moccasin skeleton closely misses you.
An orc priest comes into view. It is wielding a hand axe.
You hit the orc priest but do no damage.
The orc priest looks as sick as possible!
The orc priest is severely wounded.
The water moccasin skeleton closely misses you.
The orc priest hits you but does no damage.
The orc priest hits you but does no damage.
You barely miss the orc priest.
The orc priest is almost dead.
The water moccasin skeleton bites you.
You hit the orc priest.
The orc priest looks as sick as possible!
The orc priest is almost dead.
The orc priest hits you with a hand axe of chopping.
The water moccasin skeleton bites you!
You barely miss the orc priest.
The orc priest is almost dead.
You kill the orc priest!
Your Long Blades skill increases to level 4!
The orc priest invokes the aid of Beogh against you.
Beogh smites you!
* * * LOW HITPOINT WARNING * * *
The water moccasin skeleton bites you.
* * * LOW HITPOINT WARNING * * *
It was a potion of flight.
You feel very buoyant.
You fly up into the air.
The orc hits you but does no damage.
The water moccasin skeleton bites you but does no damage.
The orc priest calls down the wrath of Beogh upon you.
You resist with some effort.
You turn into a tree.
Your +2 cloak melds into your body.
Your +0 helmet melds into your body.
Your +0 pair of boots melds into your body.
Your +0 ring mail melds into your body.
Your roots penetrate the ground.
The water moccasin skeleton bites you.
* * * LOW HITPOINT WARNING * * *
The orc hits you but does no damage.
The orc priest mumbles some strange prayers to Beogh against you.
Beogh smites you!
You die...

.. ... #
... . #.#.#
#.#.# ....
##'##
##Zoo##
##..♣..##
##.......##
#.........#
+.........+
#.........#
##.......##
##.....##
##...##
##'##


You could see an orc priest, an orc and a water moccasin skeleton.

Vanquished Creatures
  An orc priest (D:4)
  Ijyb (D:3)
  3 adders
  An ooze (D:1)
  2 dart slugs (D:2)
  A leopard gecko (D:1)
  3 orcs
  3 bats
  2 giant cockroaches
  A goblin (D:2)
  5 hobgoblins
  A quokka (D:3)
  2 frilled lizards (D:1)
  7 kobolds
  4 rats
37 creatures vanquished.

Notes
Turn   | Place    | Note
-------+----------+-------------------------------------------
     0 | D:1      | tidbits the High Elf Wanderer began the quest for the Orb.
     0 | D:1      | tidbits set off with: a +2 dagger, a scroll of blinking, Sif Muna's Disquisition on Orientation, a potion of lignification, a +0 robe, a bread ration
     0 | D:1      | Reached XP level 1. HP: 11/11 MP: 6/6
     0 | D:1      | Identified Sif Muna's Disquisition on Orientation
     2 | D:1      | Learned a level 1 spell: Apportation
   193 | D:1      | Reached skill level 1 in Dodging
   210 | D:1      | Reached skill level 1 in Fighting
   235 | D:1      | Reached XP level 2. HP: 13/18 MP: 7/7
   451 | D:2      | Reached XP level 3. HP: 9/23 MP: 9/9
   501 | D:3      | Reached skill level 1 in Long Blades
   735 | D:2      | Reached skill level 2 in Long Blades
  1003 | D:3      | Reached XP level 4. HP: 28/28 MP: 10/10
  1005 | D:3      | Noticed Ijyb
  1020 | D:3      | Killed Ijyb
  1020 | D:3      | Reached skill level 3 in Long Blades
  1096 | D:4      | Reached skill level 4 in Long Blades
  1098 | D:4      | HP: 3/42 [water moccasin skeleton (1)]
  1098 | D:4      | Killed from afar by an orc priest

Skill      XL: |  1  2  3  4 |
---------------+-------------+-----
Dodging        | 1 |  1.5
Fighting       | 1 |  1.6
Long Blades    | 2 4 |  4.3
Stealth        | |  1.6
Spellcasting   | |  3.6
Conjurations   | |  1.1
Charms         | |  4.8
Evocations     | |  1.0

Action                   |  1- 3 |  4- 6 || total
-------------------------+-------+-------++-------
Melee: Dagger            |    89 |    25 ||   114
Throw: Tomahawk          |       |     4 ||     4
 Cast: Apportation       |     1 |     4 ||     5
  Use: Potion            |     1 |     2 ||     3
       Scroll            |     4 |       ||     4
 Stab: Sleeping          |     6 |       ||     6
Armor: Robe              |    18 |       ||    18
       Skin              |     5 |     1 ||     6
       Ring mail         |    12 |     7 ||    19
Dodge: Dodged            |    40 |     8 ||    48

Table legend:
 A = Turns spent in this place as a percentage of turns spent in the entire game.
 B = Non-inter-level travel turns spent in this place as a percentage of non-inter-level travel turns spent in the entire game.
 C = Inter-level travel turns spent in this place as a percentage of turns spent in this place.
 D = Turns resting spent in this place as a percentage of non-inter-level travel turns spent in this place.
 E = Turns spent auto-exploring this place as a percentage of non-inter-level travel turns spent in this place.
 F = Non-inter-level travel turns spent in this place divided by the number of levels of this place that you've seen.
                   A       B       C       D       E      F
               +-------+-------+-------+-------+-------+----------------------
         Total | 100.0 | 100.0 |   0.0 |   0.0 |   0.0 | 255.0
       Dungeon | 100.0 | 100.0 |   0.0 |   0.0 |   0.0 | 255.0
               +-------+-------+-------+-------+-------+----------------------

Table legend:
 A = Kills in this place as a percentage of kills in entire the game.
 B = Kills by you in this place as a percentage of kills by you in the entire game.
 C = Kills by friends in this place as a percentage of kills by friends in the entire game.
 D = Other kills in this place as a percentage of other kills in the entire game.
 E = Experience gained in this place as a percentage of experience gained in the entire game.
 F = Experience gained in this place divided by the number of levels of this place that you have seen.
                   A       B       C       D       E      F
               +-------+-------+-------+-------+-------+----------------------
         Total | 100.0 | 100.0 |  -nan |  -nan | 100.0 |  46.0
       Dungeon | 100.0 | 100.0 |  -nan |  -nan | 100.0 |  46.0
               +-------+-------+-------+-------+-------+----------------------

Vault maps used:
D:1:      scummos_arrival_hexagon, hangedman_abyss_or_decor_stabs
D:2:      cheibrodos_greedy_goblins, first_bread
D:3:      uniq_iyjb
D:4:      fedhas_altar_2
